 Dungeon Crawl Stone Soup version 0.28-a0-1117-g0bdd5ba030 (webtiles) character file.

Game seed: 17922943023002584372

259 ders the Digger (level 6, 0/32 HPs)
             Began as a Gargoyle Earth Elementalist on Dec 11, 2021.
             Slain by an orc warrior (15 damage)
             ... on level 4 of the Dungeon.
             The game lasted 00:08:44 (4576 turns).

ders the Digger (Gargoyle Earth Elementalist)       Turns: 4576, Time: 00:08:44

Health: 0/32       AC:  6    Str: 12    XL:     6   Next: 17%
Magic:  0/11       EV: 11    Int: 17    God:
Gold:   148        SH:  0    Dex: 10    Spells: 8/12 levels left

rFire   . . .      SeeInvis .   k - +4 halberd
rCold   . . .      Faith    .   (shield currently unavailable)
rNeg    + . .      Spirit   .   b - +0 robe
rPois   ∞          Reflect  .   (no helmet)
rElec   +          Harm     .   (no cloak)
rCorr   .          Rampage  .   (no gloves)
Will    .....                   (no boots)
Stlth   ++........              (no amulet)
HPRegen 0.10/turn               (no ring)
MPRegen 0.12/turn               (no ring)

@: no status effects
A: sickness immunity, AC +4, negative energy resistance 1, electricity
resistance, torment resistance 1, petrification resistance
a: no special abilities


You were on level 4 of the Dungeon.
You visited 2 branches of the dungeon, and saw 5 of its levels.

You collected 148 gold pieces.

Inventory:

Hand Weapons
 k - a +4 halberd (weapon)
Missiles
 j - 105 stones
Armour
 b - a +0 robe (worn)
Scrolls
 a - a scroll of teleportation
 e - a scroll of blinking
 g - a scroll of identify
Potions
 c - 2 potions of might
 d - 2 potions of berserk rage {unknown}
 f - 2 potions of curing {unknown}
 h - 2 potions of attraction {unknown}
 i - a potion of invisibility {unknown}
 l - a potion of lignification {unknown}
 m - a potion of mutation {unknown}
 n - a potion of brilliance {unknown}


   Skills:
 - Level 1.5 Dodging
 - Level 2.1 Stealth
 + Level 3.6 Spellcasting
 + Level 3.5 Conjurations
 - Level 0.7 Transmutations
 + Level 5.4 Earth Magic


You had 8 spell levels left.
You knew the following spells:

 Your Spells              Type           Power      Damage    Failure   Level
a - Sandblast             Erth           42%        2d11      1%          1
b - Stone Arrow           Conj/Erth      36%        3d9       8%          3

Your spell library contained the following spells:

 Spells                   Type           Power      Damage    Failure   Level
 Magic Dart               Conj           60%        1d6       3%          1
 Searing Ray              Conj           30%        2d5       6%          2
 Passwall                 Tmut/Erth      10%        N/A       7%          2
 Petrify                  Tmut/Erth      13%        N/A       41%         4
 Fulminant Prism          Conj/Hex       4%         3d6       61%         4


Dungeon Overview and Level Annotations

Branches:
Dungeon (4/15)             Temple (1/1) D:4

Altars:
Ashenzari
Dithmenos
Gozag
Kikubaaqudgha
Okawaru
Qazlal
Sif Muna
Trog
Uskayaw
Wu Jian
Xom
Yredelemnul
Zin
The Shining One


Innate Abilities, Weirdness & Mutations

You are immune to sickness and miasma.
Your stone body is resilient. (AC +4)
You are immune to poison.
You resist negative energy. (rN+)
You are resistant to electric shocks. (rElec)
You are resistant to unholy torment.
You are immune to petrification.


Message History

The orc warrior shouts!
The orc warrior throws a stone.
The stone closely misses you.
Unknown command.
Casting: Stone Arrow (quite dangerous; 8% risk of failure)
Confirm with . or Enter, or press ? or * to list all spells.
Aiming: Stone Arrow (quite dangerous; 8% risk of failure)
Press: ? - help, Shift-Dir - straight line, f/p - orc warrior
Aim: an orc warrior, wielding a +0 scimitar, wearing a +0 chain mail and quivering stones (heavily wounded, 64% to hit)
The stone arrow misses the orc warrior.
Unknown command.
Casting: Stone Arrow (quite dangerous; 8% risk of failure)
Confirm with . or Enter, or press ? or * to list all spells.
Aiming: Stone Arrow (quite dangerous; 8% risk of failure)
Press: ? - help, Shift-Dir - straight line, f/p - orc warrior
Aim: an orc warrior, wielding a +0 scimitar, wearing a +0 chain mail and quivering stones (heavily wounded, 64% to hit)
The stone arrow misses the orc warrior.
The orc warrior hits you with a +0 scimitar.
Unknown command.
Casting: Stone Arrow (quite dangerous; 8% risk of failure)
Confirm with . or Enter, or press ? or * to list all spells.
You don't have enough magic to cast this spell.
Casting: Stone Arrow (quite dangerous; 8% risk of failure)
Confirm with . or Enter, or press ? or * to list all spells.
Aiming: Sandblast (safe; 1% risk of failure)
Press: ? - help, Shift-Dir - straight line, f/p - orc warrior
Aim: an orc warrior, wielding a +0 scimitar, wearing a +0 chain mail and quivering stones (heavily wounded, 78% to hit)
The blast of sand hits the orc warrior!
The orc warrior is almost dead.
The orc warrior hits you with a +0 scimitar!
Unknown command.
Casting: Sandblast (safe; 1% risk of failure)
Confirm with . or Enter, or press ? or * to list all spells.
Aiming: Sandblast (safe; 1% risk of failure)
Press: ? - help, Shift-Dir - straight line, f/p - orc warrior
Aim: an orc warrior, wielding a +0 scimitar, wearing a +0 chain mail and quivering stones (almost dead, 78% to hit)
The blast of sand hits the orc warrior but does no damage.
The orc warrior is almost dead.
You hear the rapid hiss of a very distant avalanche of sand.
The orc warrior hits you with a +0 scimitar!
You die...

.# .# # . #
.# 8#.# #.
###.#...8.
#.###...#...
...#.#.).
..#####.#.#o#
#.........@.#
#........)#.#
#.####.#...#
#.#)#.......
#.#.#.#..##.
#.#.#.#.....
#.#.#.# ####
#.#.#.#
#.#)#.#


You could see an orc warrior.

Vanquished Creatures
  An orc priest (D:4)
  An iguana (D:4)
  An orc wizard (D:4)
  4 gnolls (D:2)
  4 adders
  An adder skeleton (D:4)
  2 worms
  3 dart slugs
  5 orcs
  4 ball pythons
  6 bats
  6 endoplasms
  3 giant cockroaches
  6 goblins
  5 hobgoblins
  9 jackals
  7 quokkas
  4 frilled lizards
  6 kobolds
  A quokka skeleton (D:3)
  7 rats
86 creatures vanquished.

Notes
Turn   | Place    | Note
-------+----------+-------------------------------------------
     0 | D:1      | ders the Gargoyle Earth Elementalist began the quest for
                  | the Orb.
     0 | D:1      | Reached XP level 1. HP: 10/10 MP: 3/3
    63 | D:1      | Reached XP level 2. HP: 10/15 MP: 0/5
    85 | D:1      | Reached skill level 1 in Conjurations
   424 | D:1      | Reached skill level 4 in Earth Magic
   828 | D:1      | Reached XP level 3. HP: 19/19 MP: 3/6
   963 | D:1      | Learned a level 3 spell: Stone Arrow
  2126 | D:2      | Reached XP level 4. HP: 24/24 MP: 5/8
  2565 | D:2      | Found a faded altar of an unknown god.
  3157 | D:3      | Found a shimmering blue altar of Sif Muna.
  3267 | D:3      | Reached XP level 5. HP: 28/28 MP: 4/9
  3661 | D:3      | Found a stormy altar of Qazlal.
  3974 | D:4      | Reached skill level 5 in Earth Magic
  3978 | D:4      | Found a staircase to the Ecumenical Temple.
  3988 | Temple   | Entered the Ecumenical Temple
  4398 | D:4      | Reached XP level 6. HP: 20/32 MP: 2/11
  4571 | D:4      | Noticed an orc warrior
  4576 | D:4      | Slain by an orc warrior

Illustrated notes

Levels and vault maps discovered:
D:1:      erik_arrival_cave_to_civilisation [erik_arrival_cave_to_temple],
          layout_loops_ring, minmay_ruptured
D:2:      layout_rooms, ebering_ecumenical_altar_abandoned, minmay_pentomino_s4
D:3:      layout_loops_cross, marbit_many_paths, lemuel_blue_sif_altar
D:4:      layout_basic, minmay_temple_entry_wispy,
          nicolae_ossuary_entry_monument, guppyfry_early_orc_mine,
          uniq_crazy_yiuf_cottage
Temple:   nicolae_temple_hex_pool

Skill      XL: |  1  2  3  4  5 |
---------------+----------------+-----
Conjurations   | 1 2 3 |  3.5
Earth Magic    | 4 5 |  5.4
Spellcasting   | 3 |  3.6
Dodging        | |  1.5
Stealth        | |  2.1
Transmutations | |  0.7

Action                   |  1- 3 |  4- 6 || total
-------------------------+-------+-------++-------
Melee: Unarmed           |     1 |       ||     1
       Mace              |    16 |     3 ||    19
       Halberd           |       |    15 ||    15
 Cast: Sandblast         |    50 |    18 ||    68
       Stone Arrow       |     6 |    36 ||    42
  Use: Scroll            |       |     5 ||     5
Armor: Robe              |    40 |    10 ||    50
Dodge: Dodged            |    48 |    16 ||    64

Table legend: (Time is in decaauts)
 A = Elapsed time spent in this place.
 B = Non-inter-level travel time spent in this place.
 C = Inter-level travel time spent in this place.
 D = Time resting spent in this place.
 E = Time spent auto-exploring this place.
 F = Levels seen in this place.
 G = Mean time per level.
                   A        B        C        D        E       F      G
               +--------+--------+--------+--------+--------+-----+--------+
         Total |   4592 |   4338 |    254 |    717 |   2974 |   5 |  918.4 |
       Dungeon |   4404 |   4221 |    183 |    717 |   2874 |   4 | 1101.0 |
        Temple |    187 |    116 |     71 |      0 |    100 |   1 |  187.0 |
               +--------+--------+--------+--------+--------+-----+--------+

Top non-repeatable levels by time:
     D:1: 1649 daAuts
     D:2: 1175 daAuts
     D:3: 1158 daAuts
     D:4: 422 daAuts
  Temple: 187 daAuts
